 Dungeon Crawl Stone Soup version 0.31-a0-848-gaac375c287 (webtiles) character file.

Game seed: 10372833676417306949

366 Joey1 the Chopper (level 6, 0/84 HPs)
             Began as a Minotaur Berserker on Oct 4, 2023.
             Was a Priest of Trog.
             Succumbed to a hornet's poison
             ... on level 3 of the Dungeon.
             The game lasted 00:04:45 (2992 turns).

Joey1 the Chopper (Minotaur Berserker)              Turns: 2992, Time: 00:04:46

Health: 0/84       AC:  6    Str: 24    XL:     6   Next: 40%
Magic:  1/1        EV: 11    Int:  4    God:    Trog [***...]
Gold:   111        SH:  0    Dex: 15    Spells: 5/5 levels left

rFire   . . .        l - +0 war axe (antimagic)
rCold   . . .        (no shield)
rNeg    . . .        i - +0 ring mail
rPois   .            (helmet restricted)
rElec   .            (no cloak)
rCorr   .            (no gloves)
SInv    .            (no boots)
Will    .....        (no amulet) Stlth
                     q - +6 ring of dexterity
HPRegen 0.34/turn    (no ring)
MPRegen 0.07/turn

%: no passive effects
@: berserking, lethally poisoned (0 -> -2), slowed
A: horns 2, retaliatory headbutt
a: Renounce Religion, Berserk, Trog's Hand


You were on level 3 of the Dungeon.
You worshipped Trog.
Trog was most pleased with you.
You visited 1 branch of the dungeon, and saw 4 of its levels.

You collected 111 gold pieces.

Inventory:

Hand Weapons
 a - a +0 hand axe
 l - a +0 antimagic war axe (weapon)
 n - a +0 heavy mace
Missiles
 m - a throwing net
Armour
 b - a +0 animal skin
 i - a +0 ring mail (worn)
Jewellery
 q - a +6 ring of dexterity (left hand)
Scrolls
 c - 2 scrolls of blinking {unknown}
 d - a scroll of teleportation {unknown}
 e - 2 scrolls of noise {unknown}
 f - 4 scrolls of identify {unknown}
 g - a scroll of fear {unknown}
 j - a scroll of poison {unknown}
 o - a scroll of brand weapon {unknown}
 p - a scroll of enchant armour {unknown}
Potions
 h - a potion of might {unknown}
 k - a potion of mutation {unknown}


   Skills:
 - Level 5.0 Fighting
 * Level 6.9 Axes
 + Level 4.7 Armour
 - Level 2.1 Dodging


You had 5 spell levels left.
You didn't know any spells.
Your spell library was empty.

Dungeon Overview and Level Annotations

Branches:
Dungeon (4/15)
 Temple: D:4-7

Altars:


Innate Abilities, Weirdness & Mutations

You have a pair of horns on your head.
You reflexively headbutt those who attack you in melee.


Message History

You feel very sick.
The hornet stings you but does no damage.
The endoplasm hits you but does no damage.
The orc completely misses you. You furiously retaliate!
You headbutt the orc!
You kill the orc!
Trog accepts your kill.
You can now call in reinforcements.
The hornet stings you!
You feel yourself slow down.
You climb upwards.
You feel yourself speed up.
You feel very sick.
There is a stone staircase leading down here.
A red film seems to cover your vision as you go berserk!
You feel yourself moving faster!
You feel mighty!
You can no longer call in reinforcements.
You feel sick. The endoplasm barely misses you. You furiously retaliate!
You headbutt the endoplasm!
You feel the power of Trog in you as your rage grows.
You kill the endoplasm!
Trog accepts your kill. The hornet stings you!
* * * LOW HITPOINT WARNING * * *
You feel yourself slow down.
You miss the hornet. You headbutt the hornet!!
The hornet is severely wounded.
You feel sick. The hornet stings you!
* * * LOW HITPOINT WARNING * * *
You feel as though you will be slow longer.
The hornet stings you.
* * * LOW HITPOINT WARNING * * *
You feel as though you will be slow longer.
You closely miss the hornet.
The hornet is severely wounded.
You feel sick. The hornet stings you.
* * * LOW HITPOINT WARNING * * *
You suddenly lose the ability to move!
The hornet stings you but does no damage.
You can move again.
You barely miss the hornet. Your headbutt misses the hornet.
The hornet is severely wounded.
You die...

#...........#......#######......
##.#.#.#.#.#..#.###......'......
#...........###...#.######......
###.#.#.#.#.#......#.# #......
.##.#######.####...#.# #......
.##.# #.# #...#.############
.##.#######.# #.........#######
..#.........# #.y.............#
#.#####.....####@..............#
#.# #.....'..)...............#
#.# #.....####...#####.......#
#.#####.#.#.# ##### #.......##
#.#.......#.# #########.
#.......###.# #. ###.##### #.#
#. #[# #.# #. #.# #.# ####.


You could see a hornet.

Vanquished Creatures
  A black bear (D:3)
  A jelly (D:3)
  An iguana (D:3)
  An orc wizard (D:3)
  8 adders
  A worm (D:2)
  2 dart slugs
  13 orcs
  6 ball pythons
  7 bats
  12 endoplasms
  3 giant cockroaches
  12 goblins
  2 hobgoblins
  10 jackals
  9 kobolds
  2 quokkas (D:3)
  3 frilled lizards (D:1)
  8 rats
102 creatures vanquished.

Notes
Turn   | Place    | Note
-------+----------+-------------------------------------------
     0 | D:1      | Joey1 the Minotaur Berserker began the quest for the Orb.
     0 | D:1      | Reached XP level 1. HP: 19/19 MP: 0/0
   208 | D:1      | Reached skill level 4 in Axes
   217 | D:1      | Reached XP level 2. HP: 25/27 MP: 1/1
   408 | D:1      | Found a faded altar of an unknown god.
   419 | D:1      | Reached ** piety under Trog
   815 | D:2      | Reached XP level 3. HP: 24/33 MP: 2/2
  1281 | D:2      | Reached XP level 4. HP: 40/40 MP: 3/3
  1317 | D:2      | Reached skill level 5 in Axes
  1421 | D:2      | Identified the +4 mace of Courage {pain, *Rage rF- Int+2
                  | Dex+5}
  1606 | D:3      | Noticed a black bear
  1615 | D:3      | Killed a black bear
  1616 | D:3      | Reached XP level 5. HP: 47/47 MP: 4/4
  1795 | D:3      | Reached skill level 6 in Axes
  1829 | D:3      | Reached *** piety under Trog
  1909 | D:3      | Reached skill level 5 in Fighting
  2089 | D:3      | Reached XP level 6. HP: 52/56 MP: 1/5
  2150 | D:3      | Identified the +0 robe of the Vacuum {rElec Will+ Slay+5}
  2981 | D:4      | Noticed a hornet
  2986 | D:4      | Paralysed by a hornet for 1 turns
  2987 | D:4      | Reached **** piety under Trog
  2991 | D:3      | HP: 1/84 [hornet (6)]
  2991 | D:3      | Paralysed by a hornet for 1 turns
  2992 | D:3      | Succumbed to a hornet's poison

Illustrated notes

Levels and vault maps discovered:
D:1:      dpeg_arrival_water_temple_mockup, layout_basic,
          ebering_ecumenical_altar_abandoned
D:2:      layout_loops_ring
D:3:      layout_basic, st_stairs_10, nicolae_hexahallways, minmay_pentangle
D:4:      layout_layer_cave, minmay_temple_entry_mini_moons,
          portal_sewer_entry_f

Skill      XL: |  1  2  3  4  5 |
---------------+----------------+-----
Axes           | 4 5 6 |  6.9
Fighting       | 4 5 |  5.0
Armour         | 3 4 |  4.7
Dodging        | |  2.1

Action                     |  1- 3 |  4- 6 || total
---------------------------+-------+-------++-------
  Melee: Hand axe          |    98 |    27 ||   125
         Headbutt          |    12 |    14 ||    26
         Punch             |     1 |     1 ||     2
         War axe           |       |   110 ||   110
 Invoke: Berserk           |       |     2 ||     2
   Stab: Sleeping          |     2 |       ||     2
 Armour: Animal skin       |    39 |       ||    39
         Ring mail         |    16 |    96 ||   112
  Dodge: Dodged            |    58 |    73 ||   131

Table legend: (Time is in decaauts)
 A = Elapsed time spent in this place.
 B = Non-inter-level travel time spent in this place.
 C = Inter-level travel time spent in this place.
 D = Time resting spent in this place.
 E = Time spent auto-exploring this place.
 F = Levels seen in this place.
 G = Mean time per level.
                   A        B        C        D        E       F      G
               +--------+--------+--------+--------+--------+-----+--------+
         Total |   3030 |   2982 |     48 |     95 |   2373 |   4 |  757.5 |
       Dungeon |   3030 |   2982 |     48 |     95 |   2373 |   4 |  757.5 |
               +--------+--------+--------+--------+--------+-----+--------+

Top non-repeatable levels by time:
     D:3: 1495 daAuts
     D:1: 883 daAuts
     D:2: 641 daAuts
     D:4: 9 daAuts
